Map: Prion Terraces

Players

Hydra - Winner!

  • Race: Zerg Zerg

Elazer

  • Race: Zerg Zerg

Event: 2016 WCS Winter Circuit Championship

VOD

Have the link to the VOD?

Description

Time

  • Played on: March 4, 2016, 2:51 p.m.
  • Length: 8:41

All games in this series

Show
View Real Time Build Order
Export as new Build Order

Hydra Zerg - Winner!

Build Orders: Hatch First 

Get SALT Encoding   

  12  0:00  Drone  
  13  0:07  Drone  
  14  0:33  Hatchery  
  13  0:36  Drone  
  14  0:44  Overlord  
  14  0:49  Extractor  
  13  0:50  Drone  
  15  1:02  Drone x2  
  17  1:10  Spawning Pool  
  16  1:14  Drone  
  17  1:20  Drone  
  18  1:28  Extractor  
  18  1:29  Drone  
  18  1:41  Drone  
  18  1:44  Drone  
  20  1:51  Drone  
  21  1:56  Drone  
  21  1:57  Queen x2  
  26  2:02  Drone  
  27  2:09  Spine Crawler  
  27  2:10  Overlord  
  27  2:14  Drone  
  27  2:18  Drone  
  29  2:30  Zergling x2  
  29  2:31  Drone  
  29  2:32  Queen x2  
  35  2:38  Overlord  
  35  2:40  Drone  
  36  2:48  Overlord  
  36  2:59  Roach Warren, Drone x2  
  36  3:00  Drone  
  36  3:04  Drone  
  39  3:06  Drone  
  39  3:10  Evolution Chamber  
  39  3:12  Drone  
  40  3:13  Drone  
  40  3:15  Lair  
  40  3:17  Overlord  
  40  3:19  Extractor  
  39  3:20  Drone  
  39  3:23  Drone  
  41  3:31  Drone  
  41  3:32  Drone  
  43  3:36  Zerg Missile Weapons Level 1  
  43  3:37  Extractor  
  43  3:40  Overlord  
  43  3:41  Drone x2  
  43  3:44  Roach x3  
  43  3:45  Roach  
  52  3:55  Overlord  
  52  4:00  Drone x2  
  54  4:07  Drone  
  55  4:11  Roach  
  55  4:13  Glial Reconstitution  
  55  4:15  Hatchery, Roach  
  58  4:19  Overlord  
  58  4:21  Overseer  
  58  4:29  Roach x2  
  58  4:30  Roach x2  
  66  4:32  Overlord  
  66  4:41  Roach x3  
  66  4:44  Overlord  
  72  4:52  Roach x4  
  80  4:55  Overlord  
  80  4:59  Overlord  
  80  5:05  Drone x2  
  82  5:07  Extractor, Roach  
  83  5:16  Roach x3  
  83  5:17  Overlord  
  89  5:22  Evolution Chamber  
  89  5:23  Roach  
  92  5:28  Drone x2  
  92  5:29  Drone  
  92  5:33  Roach  
  95  5:38  Roach x2  
  99  5:51  Roach x5  
  99  5:56  Roach x3  
  99  6:07  Roach x5  
  105  6:14  Roach x3  
  105  6:18  Zerg Missile Weapons Level 2  
  111  6:25  Overlord  
  111  6:30  Roach x2  
  111  6:31  Roach x2  
  119  6:36  Zerg Ground Armor Level 1  
  119  6:41  Roach  
  119  6:42  Overlord  
  119  6:46  Roach  
  119  6:47  Roach x2  
  127  6:52  Overseer  
  127  6:55  Roach  
  127  6:57  Overlord  
  129  7:04  Roach x4  
  125  7:10  Roach  
  125  7:11  Roach x2  
  121  7:18  Roach x3  
  111  7:24  Roach x3  
  109  7:32  Roach x3  
  113  7:44  Roach x5  
  117  7:52  Roach x2  
  117  7:57  Roach  
  117  8:04  Roach  
  111  8:10  Roach x4  
Show
View Real Time Build Order
Export as new Build Order

Elazer Zerg 

Build Orders: 3 Hatch before Pool 

Get SALT Encoding   

  12  0:00  Drone  
  13  0:12  Overlord  
  13  0:17  Drone  
  14  0:30  Drone x2  
  14  0:34  Drone  
  17  0:52  Hatchery  
  17  0:54  Drone  
  17  1:13  Hatchery  
  17  1:17  Drone  
  17  1:20  Drone  
  18  1:31  Extractor  
  17  1:35  Spawning Pool  
  17  1:37  Drone  
  17  1:40  Drone  
  17  1:44  Drone  
  19  1:59  Drone  
  20  2:04  Drone  
  20  2:06  Drone  
  22  2:11  Drone  
  23  2:21  Queen x2  
  23  2:22  Zergling x2  
  28  2:26  Drone  
  28  2:27  Drone, Zergling x2  
  31  2:32  Metabolic Boost  
  31  2:39  Overlord  
  31  2:43  Queen  
  33  2:48  Drone  
  34  2:59  Queen  
  34  3:01  Drone  
  34  3:02  Baneling Nest, Drone x2  
  34  3:03  Drone  
  39  3:08  Overlord  
  39  3:09  Drone  
  40  3:13  Drone x2  
  42  3:26  Queen  
  44  3:29  Drone, Roach Warren  
  44  3:30  Extractor  
  44  3:31  Drone x2  
  44  3:32  Drone  
  46  3:36  Overlord  
  46  3:38  Zergling x2  
  47  3:47  Baneling  
  47  3:49  Baneling  
  47  3:55  Overlord  
  47  3:56  Overlord  
  47  4:02  Overlord  
  47  4:04  Drone  
  47  4:05  Extractor, Drone x2  
  47  4:06  Drone  
  47  4:07  Overlord  
  49  4:11  Overlord  
  49  4:15  Drone x2  
  51  4:18  Drone x2  
  51  4:21  Evolution Chamber, Roach x4  
  60  4:25  Overlord  
  60  4:31  Roach x3  
  66  4:36  Drone x2  
  66  4:37  Drone  
  66  4:38  Drone  
  69  4:40  Extractor  
  69  4:41  Drone  
  69  4:42  Drone x2  
  71  4:46  Zerg Missile Weapons Level 1  
  71  4:49  Overlord  
  71  4:50  Roach  
  71  4:52  Roach  
  75  4:58  Overlord  
  75  5:00  Roach  
  75  5:01  Roach x2  
  75  5:03  Roach  
  75  5:04  Roach  
  75  5:06  Roach  
  87  5:10  Overlord  
  87  5:13  Roach x2  
  91  5:14  Roach  
  91  5:17  Roach  
  91  5:19  Roach  
  91  5:20  Roach  
  99  5:23  Roach x2  
  99  5:25  Roach  
  99  5:27  Zergling x2  
  106  5:30  Zergling x6  
  106  5:32  Ravager  
  106  5:35  Zergling x2  
  111  5:40  Zergling x6  
  113  5:48  Roach x2  
  111  5:56  Roach x6  
  111  6:02  Roach  
  111  6:03  Roach  
  100  6:05  Roach  
  100  6:08  Lair, Overlord  
  100  6:10  Roach x3  
  106  6:15  Overlord  
  106  6:17  Ravager  
  106  6:18  Drone  
  108  6:21  Extractor  
  108  6:24  Overlord x2  
  107  6:27  Drone  
  107  6:30  Overlord  
  108  6:35  Drone x2, Roach  
  112  6:42  Overlord  
  112  6:45  Roach  
  112  6:46  Roach x6  
  126  6:50  Roach  
  126  6:53  Ravager x2  
  128  7:02  Roach x5  
  128  7:06  Roach x2  
  126  7:10  Roach  
  126  7:11  Roach x2  
  126  7:15  Roach x2  
  114  7:19  Roach x2  
  105  7:26  Roach x2  
  100  7:30  Roach x4  
  100  7:32  Roach  
  100  7:33  Roach  
  100  7:36  Roach  
  100  7:37  Roach  
  106  7:40  Roach  
  106  7:41  Roach  
  102  7:45  Roach x2  
  102  7:49  Roach  
  102  7:50  Roach x2  
  104  7:53  Queen  
  104  7:54  Roach  
  96  8:01  Roach x4  
  89  8:09  Roach x4  
  89  8:12  Roach  
Tags
 
Add a new tag
Caveats
  • Supply blocks, unpowered buildings, or Contaminate may cause inaccurate times.
  • Supply counts are checked every 10 seconds.